| TOP OF THE 1ST |
|
Kannapolis Intimidators batting - Pitching for Beloit Snappers : LHP Shane Stratton
|
|
Pitching: LHP Shane Stratton
|
|
|
Batting: RHB Josiah Wright
|
0-0: Called Strike 0-1: Called Strike 0-2: Foul Ball, location: 2F 0-2: Ball 1-2: Ball 2-2: Strikes out swinging
|
|
Batting: RHB Mark Jones
|
0-0: Ball 1-0: Ground out 4-3 (Groundball, 34, EV 82.5 MPH)
|
|
Batting: RHB Vic Lucatero
|
0-0: Ground out 4-3 (Groundball, 34, EV 91.9 MPH)
|
| Top of the 1st over - 0 runs, 0 hits, 0 errors, 0 left on base; Kannapolis 0 - Beloit 0 |
| BOTTOM OF THE 1ST |
|
Beloit Snappers batting - Pitching for Kannapolis Intimidators : LHP Phil Peterson
|
|
Pitching: LHP Phil Peterson
|
|
|
Batting: SHB Robert Santiago
|
0-0: Ball 1-0: SINGLE (Groundball, 56S, EV 73.8 MPH) (infield hit)
|
|
Batting: RHB Josh Whaley
|
0-0: Fly out, F7 (Line Drive, 7S, EV 95.0 MPH)
|
|
Batting: RHB Tim Cordle
|
0-0: Called Strike 0-1: Ball 1-1: Grounds into double play, 4-6-3 (Groundball, 4, EV 96.2 MPH)
|
| Bottom of the 1st over - 0 runs, 1 hit, 0 errors, 0 left on base; Kannapolis 0 - Beloit 0 |
| TOP OF THE 2ND |
|
Kannapolis Intimidators batting - Pitching for Beloit Snappers : LHP Shane Stratton
|
|
Batting: RHB Benny O'Connor
|
0-0: Ball 1-0: Ball 2-0: Ball 3-0: Called Strike 3-1: Called Strike 3-2: Strikes out swinging
|
|
Batting: SHB Ruben Velasco Jr.
|
0-0: Ball 1-0: Ground out 3-1 (Groundball, 34, EV 83.8 MPH)
|
|
Batting: RHB Adam Lambert
|
0-0: Ball 1-0: Called Strike 1-1: Ball 2-1: Ground out 6-3 (Groundball, 56D, EV 87.5 MPH)
|
| Top of the 2nd over - 0 runs, 0 hits, 0 errors, 0 left on base; Kannapolis 0 - Beloit 0 |
| BOTTOM OF THE 2ND |
|
Beloit Snappers batting - Pitching for Kannapolis Intimidators : LHP Phil Peterson
|
|
Batting: RHB Casey Nicita
|
0-0: Ground out 6-3 (Groundball, 6, EV 97.5 MPH)
|
|
Batting: LHB Angel Sanchez
|
0-0: Ball 1-0: Ball 2-0: Swinging Strike 2-1: Called Strike 2-2: Ball 3-2: Ground out 4-3 (Groundball, 4, EV 107.5 MPH)
|
|
Batting: RHB Rick Linders
|
0-0: Ball 1-0: Fly out, F9 (Flyball, 9D, EV 100.6 MPH)
|
| Bottom of the 2nd over - 0 runs, 0 hits, 0 errors, 0 left on base; Kannapolis 0 - Beloit 0 |
| TOP OF THE 3RD |
|
Kannapolis Intimidators batting - Pitching for Beloit Snappers : LHP Shane Stratton
|
|
Batting: RHB Jeff Cox
|
0-0: Called Strike 0-1: Ball 1-1: Ball 2-1: Ball 3-1: Foul Ball, location: 2F 3-2: Ground out 2-3 (Groundball, 15S, EV 73.8 MPH)
|
|
Batting: RHB Nick Kleckner
|
0-0: Ball 1-0: Called Strike 1-1: Foul Ball, location: 2F 1-2: Strikes out swinging
|
|
Batting: SHB Josh Conner
|
0-0: Ball 1-0: Foul Ball, location: 2F 1-1: Called Strike 1-2: DOUBLE (Flyball, 78D, EV 95.0 MPH)
|
|
Batting: RHB Josiah Wright
|
0-0: DOUBLE (Flyball, 8LXD, EV 107.5 MPH) Josh Conner scores
|
|
Batting: RHB Mark Jones
|
0-0: Ball 1-0: Called Strike 1-1: Foul Ball, location: 2F 1-2: Ball 2-2: SINGLE (Groundball, 4MD, EV 98.8 MPH) Josiah Wright to third Runner from 3rd tries for Home, SAFE, throw by CF to home Mark Jones to second
|
|
Batting: RHB Vic Lucatero
|
0-0: Foul Ball, location: 2F 0-1: Ball 1-1: Ball 2-1: Swinging Strike 2-2: Strikes out swinging
|
| Top of the 3rd over - 2 runs, 3 hits, 0 errors, 1 left on base; Kannapolis 2 - Beloit 0 |
| BOTTOM OF THE 3RD |
|
Beloit Snappers batting - Pitching for Kannapolis Intimidators : LHP Phil Peterson
|
|
Batting: SHB John Cummings
|
0-0: Foul Ball, location: 2F 0-1: Ball 1-1: Swinging Strike 1-2: Strikes out looking
|
|
Batting: LHB Henry Hutson
|
0-0: Called Strike 0-1: Ground out 4-3 (Groundball, 4, EV 106.9 MPH)
|
|
Batting: RHB Hidetada Iba
|
0-0: Called Strike 0-1: Ball 1-1: Ball 2-1: Called Strike 2-2: Ball 3-2: SINGLE (Groundball, 56D, EV 108.1 MPH)
|
|
Batting: SHB Robert Santiago
|
0-0: TRIPLE (Flyball, 78XD, EV 95.6 MPH) Hidetada Iba scores
|
|
Batting: RHB Josh Whaley
|
0-0: Foul Ball, location: 2F 0-1: Fly out, F9 (Line Drive, 9S, EV 87.5 MPH)
|
| Bottom of the 3rd over - 1 run, 2 hits, 0 errors, 1 left on base; Kannapolis 2 - Beloit 1 |
| TOP OF THE 4TH |
|
Kannapolis Intimidators batting - Pitching for Beloit Snappers : LHP Shane Stratton
|
|
Batting: RHB Benny O'Connor
|
0-0: Swinging Strike 0-1: Ball 1-1: Swinging Strike 1-2: SINGLE (Groundball, 34D, EV 101.2 MPH)
|
|
Batting: SHB Ruben Velasco Jr.
|
0-0: Called Strike 0-1: Foul Ball, location: 2F 0-2: Strikes out looking
|
|
Batting: RHB Adam Lambert
|
0-0: Fly out, F8 (Line Drive, 8LM, EV 96.9 MPH)
|
|
Batting: RHB Jeff Cox
|
0-0: Called Strike 0-1: Ground out 1-3 (Groundball, 25, EV 68.8 MPH)
|
| Top of the 4th over - 0 runs, 1 hit, 0 errors, 1 left on base; Kannapolis 2 - Beloit 1 |
| BOTTOM OF THE 4TH |
|
Beloit Snappers batting - Pitching for Kannapolis Intimidators : LHP Phil Peterson
|
|
Batting: RHB Tim Cordle
|
0-0: SINGLE (Line Drive, 6M, EV 96.9 MPH)
|
|
Batting: RHB Casey Nicita
|
0-0: Ball 1-0: Swinging Strike 1-1: Called Strike 1-2: Fielders Choice at 2nd, 5-4 (Groundball, 5D, EV 98.8 MPH)
|
|
Batting: LHB Angel Sanchez
|
0-0: Ball 1-0: Ball 2-0: Ball 3-0: Fly out, F7 (Flyball, 7D, EV 97.5 MPH)
|
|
Batting: RHB Rick Linders
|
0-0: Called Strike 0-1: Swinging Strike 0-2: Ball 1-2: Ball 2-2: Ball 3-2: Base on Balls Casey Nicita to second
|
|
Batting: SHB John Cummings
|
0-0: Ball 1-0: SINGLE (Flyball, 34D, EV 93.1 MPH) Casey Nicita to third Rick Linders to second
|
|
Batting: LHB Henry Hutson
|
0-0: Ground out U3 (Groundball, 3, EV 103.8 MPH)
|
| Bottom of the 4th over - 0 runs, 2 hits, 0 errors, 3 left on base; Kannapolis 2 - Beloit 1 |
| TOP OF THE 5TH |
|
Kannapolis Intimidators batting - Pitching for Beloit Snappers : LHP Shane Stratton
|
|
Batting: RHB Nick Kleckner
|
0-0: Called Strike 0-1: Called Strike 0-2: Ball 1-2: Strikes out looking
|
|
Batting: SHB Josh Conner
|
0-0: Ball 1-0: Ball 2-0: Ground out 4-3 (Groundball, 34, EV 89.4 MPH)
|
|
Batting: RHB Josiah Wright
|
0-0: Ball 1-0: Ball 2-0: Ground out 3-1 (Groundball, 34S, EV 83.1 MPH)
|
| Top of the 5th over - 0 runs, 0 hits, 0 errors, 0 left on base; Kannapolis 2 - Beloit 1 |
| BOTTOM OF THE 5TH |
|
Beloit Snappers batting - Pitching for Kannapolis Intimidators : LHP Phil Peterson
|
|
Batting: RHB Hidetada Iba
|
0-0: Foul Ball, location: 2F 0-1: Called Strike 0-2: Ball 1-2: Ground out 5-3 (Groundball, 56, EV 83.1 MPH)
|
|
Batting: SHB Robert Santiago
|
0-0: Foul Ball, location: 2F 0-1: Called Strike 0-2: Ball 1-2: Fly out, F9 (Flyball, 89M, EV 86.9 MPH)
|
|
Batting: RHB Josh Whaley
|
0-0: Ball 1-0: Ball 2-0: Ball 3-0: Called Strike 3-1: Base on Balls
|
|
Batting: RHB Tim Cordle
|
0-0: 2-RUN HOME RUN (Line Drive, 7D, EV 100.6 MPH), Distance : 377 ft
|
|
Batting: RHB Casey Nicita
|
0-0: Ball 1-0: Swinging Strike 1-1: Foul Ball, location: 2F 1-2: Foul Ball, location: 2F 1-2: Foul Ball, location: 2F 1-2: Ground out 4-3 (Groundball, 4, EV 85.6 MPH)
|
| Bottom of the 5th over - 2 runs, 1 hit, 0 errors, 0 left on base; Kannapolis 2 - Beloit 3 |
| TOP OF THE 6TH |
|
Kannapolis Intimidators batting - Pitching for Beloit Snappers : LHP Shane Stratton
|
|
Batting: RHB Mark Jones
|
0-0: Foul Ball, location: 2F 0-1: Fly out, F9 (Flyball, 89M, EV 83.8 MPH)
|
|
Batting: RHB Vic Lucatero
|
0-0: Ball 1-0: Reached on error, E4 (Groundball, 4MS, EV 90.6 MPH)
|
|
Batting: RHB Benny O'Connor
|
0-0: Ball 1-0: Called Strike 1-1: Fly out, F8 (Flyball, 8RS, EV 95.0 MPH)
|
|
Batting: SHB Ruben Velasco Jr.
|
0-0: Called Strike 0-1: Ball 1-1: Ball 2-1: Foul Ball, location: 2F 2-2: Fly out, F9 (Flyball, 9, EV 84.4 MPH)
|
| Top of the 6th over - 0 runs, 0 hits, 1 error, 1 left on base; Kannapolis 2 - Beloit 3 |
| BOTTOM OF THE 6TH |
|
Beloit Snappers batting - Pitching for Kannapolis Intimidators : LHP Phil Peterson
|
|
Batting: LHB Angel Sanchez
|
0-0: Ball 1-0: Fly out, F5 (Popup, 5SF, EV 82.5 MPH)
|
|
Batting: RHB Rick Linders
|
0-0: Called Strike 0-1: Ground out 4-3 (Groundball, 4, EV 86.9 MPH)
|
|
Batting: SHB John Cummings
|
0-0: Called Strike 0-1: Called Strike 0-2: Foul Ball, location: 2F 0-2: Ball 1-2: Foul Ball, location: 2F 1-2: Foul Ball, location: 2F 1-2: Ball 2-2: Foul Ball, location: 2F 2-2: Strikes out swinging
|
| Bottom of the 6th over - 0 runs, 0 hits, 0 errors, 0 left on base; Kannapolis 2 - Beloit 3 |
| TOP OF THE 7TH |
|
Kannapolis Intimidators batting - Pitching for Beloit Snappers : LHP Shane Stratton
|
|
Now at 3B: Robert Santiago
|
|
|
Now at SS: Jose Marquez
|
|
|
Batting: RHB Adam Lambert
|
0-0: Called Strike 0-1: Foul Ball, location: 2F 0-2: Ball 1-2: Foul Ball, location: 2F 1-2: Foul Ball, location: 2F 1-2: Strikes out swinging
|
|
Batting: RHB Jeff Cox
|
0-0: Ball 1-0: Ball 2-0: Swinging Strike 2-1: Swinging Strike 2-2: Strikes out swinging
|
|
Pitching: LHP Jimmy Ford
|
|
|
Batting: RHB Nick Kleckner
|
0-0: Called Strike 0-1: Foul Ball, location: 2F 0-2: Ball 1-2: Foul Ball, location: 2F 1-2: Ground out 6-3 (Groundball, 56, EV 85.0 MPH)
|
| Top of the 7th over - 0 runs, 0 hits, 0 errors, 0 left on base; Kannapolis 2 - Beloit 3 |
| BOTTOM OF THE 7TH |
|
Beloit Snappers batting - Pitching for Kannapolis Intimidators : LHP Phil Peterson
|
|
Pitching: RHP Toby Riley
|
|
|
Batting: LHB Henry Hutson
|
0-0: Ball 1-0: Ball 2-0: Ball 3-0: Base on Balls
|
|
Batting: RHB Hidetada Iba
|
0-0: Ball 1-0: Ball 2-0: Ball 3-0: Base on Balls Henry Hutson to second
|
|
Batting: SHB Robert Santiago
|
0-0: Ball 1-0: Foul Ball, location: 2F 1-1: Fly out, F8 (Line Drive, 8LD, EV 88.8 MPH)
|
|
Batting: RHB Josh Whaley
|
0-0: Ball 1-0: Called Strike 1-1: Foul Ball, location: 2F 1-2: Foul Ball, location: 2F 1-2: Strikes out swinging
|
|
Batting: RHB Jose Marquez
|
0-0: Fly out, F7 (Flyball, 78M, EV 86.2 MPH)
|
| Bottom of the 7th over - 0 runs, 0 hits, 0 errors, 2 left on base; Kannapolis 2 - Beloit 3 |
| TOP OF THE 8TH |
|
Kannapolis Intimidators batting - Pitching for Beloit Snappers : LHP Jimmy Ford
|
|
Batting: SHB Josh Conner
|
0-0: Fly out, F9 (Flyball, 9D, EV 82.5 MPH)
|
|
Batting: RHB Josiah Wright
|
0-0: Called Strike 0-1: Ground out 6-3 (Groundball, 56S, EV 86.9 MPH)
|
|
Batting: RHB Mark Jones
|
0-0: Called Strike 0-1: Ball 1-1: Ball 2-1: Ball 3-1: Called Strike 3-2: Foul Ball, location: 2F 3-2: Strikes out looking
|
| Top of the 8th over - 0 runs, 0 hits, 0 errors, 0 left on base; Kannapolis 2 - Beloit 3 |
| BOTTOM OF THE 8TH |
|
Beloit Snappers batting - Pitching for Kannapolis Intimidators : RHP Toby Riley
|
|
Pitching: RHP Ron Knowles
|
|
|
Batting: RHB Casey Nicita
|
0-0: Called Strike 0-1: Ball 1-1: Called Strike 1-2: Fly out, F9 (Flyball, 9S, EV 72.5 MPH)
|
|
Batting: LHB Angel Sanchez
|
0-0: Ball 1-0: Swinging Strike 1-1: Foul Ball, location: 2F 1-2: Ball 2-2: Ball 3-2: Foul Ball, location: 2F 3-2: Strikes out swinging
|
|
Batting: RHB Rick Linders
|
0-0: Ball 1-0: Foul Ball, location: 2F 1-1: Ball 2-1: Foul Ball, location: 2F 2-2: Ball 3-2: Foul Ball, location: 2F 3-2: Base on Balls
|
|
Batting: SHB John Cummings
|
0-0: Ball 1-0: Ball 2-0: Ball 3-0: Called Strike 3-1: Foul Ball, location: 2F 3-2: Foul Ball, location: 2F 3-2: Foul Ball, location: 2F 3-2: Foul Ball, location: 2F 3-2: Base on Balls Rick Linders to second
|
|
Pitching: LHP Matt Donnelly
|
|
|
Batting: LHB Henry Hutson
|
0-0: Foul Ball, location: 2F 0-1: Ball 1-1: Foul Ball, location: 2F 1-2: Foul Ball, location: 2F 1-2: Foul Ball, location: 2F 1-2: Ball 2-2: Ball Balk! Rick Linders to third John Cummings to second 3-2: Foul Ball, location: 2F 3-2: Fly out, F8 (Flyball, 89M, EV 78.8 MPH)
|
| Bottom of the 8th over - 0 runs, 0 hits, 0 errors, 2 left on base; Kannapolis 2 - Beloit 3 |
| TOP OF THE 9TH |
|
Kannapolis Intimidators batting - Pitching for Beloit Snappers : LHP Jimmy Ford
|
|
Pitching: RHP Alec Bassett
|
|
|
Batting: RHB Vic Lucatero
|
0-0: Ball 1-0: Fly out, F4 (Popup, 34, EV 57.5 MPH)
|
|
Batting: RHB Benny O'Connor
|
0-0: Ball 1-0: Called Strike 1-1: Ball 2-1: Swinging Strike 2-2: Strikes out looking
|
|
Batting: SHB Ruben Velasco Jr.
|
0-0: Ball 1-0: Called Strike 1-1: Foul Ball, location: 2F 1-2: Foul Ball, location: 2F 1-2: Ball 2-2: Ball 3-2: Foul Ball, location: 2F 3-2: SINGLE (Flyball, 6D, EV 93.8 MPH)
|
|
Batting: RHB Adam Lambert
|
0-0: Swinging Strike 0-1: Ball 1-1: Fly out, F5 (Line Drive, 5, EV 67.5 MPH)
|
| Top of the 9th over - 0 runs, 1 hit, 0 errors, 1 left on base; Kannapolis 2 - Beloit 3 |
|